[Event "3rd Memorial Warakomska 2019"]
[Site "Suwalki"]
[Date "2019.08.07"]
[Round "3.4"]
[White "Kaczmarek, Aleksander"]
[Black "Barski, Radoslaw"]
[Result "1-0"]
[ECO "B90"]
[WhiteElo "2389"]
[BlackElo "2468"]
[Annotator "ChessBase"]
[PlyCount "93"]
[EventDate "2019.08.05"]
[EventType "swiss"]
[EventCountry "POL"]
[SourceTitle "playchess.com"]
[Source "ChessBase"]
[SourceQuality "1"]
[TimeControl "40/5400+30:1800+30"]

1. e4 c5 2. Nf3 d6 3. d4 cxd4 4. Nxd4 Nf6 5. Nc3 a6 6. Nb3 g6 7. Be2 Bg7 8. O-O O-O 9. Bg5 Nbd7 10. Re1 b5 11. Bf1 Bb7 12. Rb1 Rc8 13. Nd5 e6 14. Nxf6+ Nxf6 15. c3 Qc7 16. f3 Rfe8 17. Kh1 h6 18. Bh4 Nd7 19. Bg3 Ne5 20. f4 Nc4 21. Nd2 f5 22. Bd3 Qc6 23. Nxc4 bxc4 24. Bc2 Qc5 25. Qe2 fxe4 26. Bxe4 Bxe4 27. Qxe4 Qf5 28. Qb7 Rb8 29. Qf3 d5 30. h3 Rb7 31. b4 Rf7 32. b5 axb5 33. Rxb5 g5 34. Rxd5 exd5 35. Rxe8+ Kh7 36. Rd8 gxf4 37. Rxd5 Qb1+ 38. Rd1 Qc2 39. Bh4 Bxc3 40. Rd6 Be5 41. Qh5 Qb1+ 42. Kh2 f3+ 43. Qxe5 fxg2 44. Be1 g1=Q+ 45. Kxg1 Rg7+ 46. Kh2 Qxa2+ 47. Bd2 1-0

[Event "3rd Memorial Warakomska 2019"]
[Site "Suwalki"]
[Date "2019.08.07"]
[Round "3.5"]
[White "Nasuta, Grzegorz"]
[Black "Kosakowski, Jakub"]
[Result "1-0"]
[ECO "C54"]
[WhiteElo "2529"]
[BlackElo "2394"]
[Annotator "ChessBase"]
[PlyCount "97"]
[EventDate "2019.08.05"]
[EventType "swiss"]
[EventCountry "POL"]
[SourceTitle "playchess.com"]
[Source "ChessBase"]
[SourceQuality "1"]
[TimeControl "40/5400+30:1800+30"]

1. e4 e5 2. Nf3 Nc6 3. Bc4 Bc5 4. c3 Nf6 5. d3 O-O 6. O-O d5 7. exd5 Nxd5 8. Re1 Bg4 9. Nbd2 Nb6 10. h3 Bh5 11. Bb3 Qxd3 12. Nxe5 Qf5 13. Nef3 Qd7 14. Ne4 Qxd1 15. Bxd1 Be7 16. Bf4 Rac8 17. a4 a5 18. Bb3 Rfe8 19. Rad1 Bf8 20. g4 Bg6 21. Ng3 Rxe1+ 22. Nxe1 Be7 23. Nf3 Kf8 24. Nf5 Bxf5 25. gxf5 h6 26. Nd2 Nd7 27. Ne4 Nde5 28. f6 Bxf6 29. Nxf6 gxf6 30. Be3 b6 31. Bxh6+ Ke7 32. Bf4 Nd8 33. Re1 Kd6 34. Rd1+ Ke7 35. Re1 Kd6 36. Bg3 Ne6 37. Re3 Rg8 38. Kf1 Nd8 39. Rd3+ Ke7 40. Re3 Kd6 41. Rf3 Ke7 42. Rf5 Ndc6 43. Bd5 Rd8 44. Bxc6 Nxc6 45. Bxc7 Rd2 46. Rb5 Ke6 47. Rxb6 Kd5 48. Bf4 Rc2 49. Kg2 1-0

[Event "3rd Memorial Warakomska 2019"]
[Site "Suwalki"]
[Date "2019.08.07"]
[Round "3.6"]
[White "Shyam, Sundar M."]
[Black "Molenda, Marcin"]
[Result "1-0"]
[ECO "C45"]
[WhiteElo "2520"]
[BlackElo "2387"]
[Annotator "ChessBase"]
[PlyCount "183"]
[EventDate "2019.08.05"]
[EventType "swiss"]
[EventCountry "POL"]
[SourceTitle "playchess.com"]
[Source "ChessBase"]
[SourceQuality "1"]
[TimeControl "40/5400+30:1800+30"]

1. e4 e5 2. Nf3 Nc6 3. d4 exd4 4. Nxd4 Nf6 5. Nxc6 bxc6 6. e5 Qe7 7. Qe2 Nd5 8. h4 f6 9. c4 Ba6 10. Rh3 fxe5 11. Bg5 Nf6 12. Re3 O-O-O 13. Rb3 Qe6 14. Qe3 c5 15. Nd2 Bb7 16. Ra3 a6 17. Bd3 Qg4 18. Bxf6 gxf6 19. Be4 Bxe4 20. Qxe4 Qxe4+ 21. Nxe4 f5 22. Ng3 f4 23. Ne4 Kb7 24. Rd1 Be7 25. Ke2 d6 26. h5 Ra8 27. g4 fxg3 28. Rxg3 Kc6 29. Rg7 Rae8 30. Rd3 Bf8 31. Rf7 Bh6 32. Ra3 Ref8 33. Rxa6+ Kb7 34. Rxf8 Bxf8 35. Ra3 Bh6 36. Rb3+ Kc6 37. Nf6 Rf8 38. Nd5 Ra8 39. Rf3 Bf4 40. a3 Rb8 41. b4 cxb4 42. axb4 h6 43. Kd3 Kd7 44. b5 c6 45. Nxf4 exf4 46. bxc6+ Kxc6 47. Rxf4 Rb3+ 48. Kd4 Rh3 49. Rf5 Kd7 50. f4 Ke6 51. Ra5 Rh1 52. f5+ Ke7 53. Ra7+ Kf6 54. Ra6 Rd1+ 55. Ke4 Kg5 56. Ra2 Kf6 57. Ra6 Kg5 58. Ra8 Kf6 59. Rf8+ Kg7 60. Rd8 Kf6 61. Rg8 Re1+ 62. Kd5 Rd1+ 63. Ke4 Re1+ 64. Kd5 Rd1+ 65. Kc6 Kxf5 66. Rg6 Rd4 67. Kb5 Rd1 68. Rxh6 Rb1+ 69. Kc6 Rc1 70. Kd5 Rd1+ 71. Kc6 Rc1 72. Kb5 Rb1+ 73. Ka4 Rd1 74. Rh8 Kg5 75. Kb4 Rb1+ 76. Kc3 Rd1 77. Rh7 Rc1+ 78. Kb3 Rd1 79. Rh8 Rd3+ 80. Kb4 Rd1 81. h6 Kg6 82. Kb5 Rd4 83. h7 Kg7 84. Rg8+ Kxh7 85. Rg5 Rd1 86. Rd5 Rb1+ 87. Kc6 Kg7 88. Kxd6 Kf7 89. Re5 Rb6+ 90. Kc7 Rh6 91. c5 Kf6 92. Re1 1-0

[Event "3rd Memorial Warakomska 2019"]
[Site "Suwalki"]
[Date "2019.08.07"]
[Round "3.7"]
[White "Zakhartsov, Viacheslav V."]
[Black "Lewtak, Damian"]
[Result "1-0"]
[ECO "A50"]
[WhiteElo "2518"]
[BlackElo "2354"]
[Annotator "ChessBase"]
[PlyCount "111"]
[EventDate "2019.08.05"]
[EventType "swiss"]
[EventCountry "POL"]
[SourceTitle "playchess.com"]
[Source "ChessBase"]
[SourceQuality "1"]
[TimeControl "40/5400+30:1800+30"]

1. d4 Nf6 2. c4 b6 3. Nc3 Bb7 4. Qc2 d5 5. cxd5 Nxd5 6. Nf3 e6 7. e4 Nxc3 8. bxc3 Be7 9. Bb5+ c6 10. Bd3 c5 11. O-O cxd4 12. cxd4 O-O 13. Bb2 h6 14. Qe2 Nd7 15. Rad1 Rc8 16. a3 Qc7 17. Rfe1 Rfd8 18. d5 Nc5 19. Nd4 Nxd3 20. Qxd3 Bf6 21. Qh3 exd5 22. e5 Bxe5 23. Nb5 Bxb2 24. Nxc7 Rxc7 25. Qg3 Rcd7 26. Re2 Bf6 27. Rc2 d4 28. Rc7 Ba6 29. Rxd7 Rxd7 30. Qb8+ Kh7 31. Qf4 Kg8 32. Qb8+ Kh7 33. Qf4 Kg8 34. Re1 Rd8 35. Qc7 d3 36. Qxd8+ Bxd8 37. Re8+ Kh7 38. Rxd8 Kg6 39. Kf1 Bc4 40. Ke1 Kf5 41. Kd2 Ke5 42. Kc3 b5 43. Ra8 h5 44. Rxa7 Kd6 45. h4 Kc5 46. Rd7 g6 47. f3 Kc6 48. Rd4 Kb6 49. Kb4 Kc6 50. a4 Kb6 51. g4 hxg4 52. fxg4 Be6 53. axb5 Bc8 54. h5 gxh5 55. gxh5 Bf5 56. h6 1-0

[Event "3rd Memorial Warakomska 2019"]
[Site "Suwalki"]
[Date "2019.08.07"]
[Round "3.8"]
[White "Sadzikowski, Daniel"]
[Black "Punin, Andrii"]
[Result "1-0"]
[ECO "D35"]
[WhiteElo "2503"]
[BlackElo "2305"]
[Annotator "ChessBase"]
[PlyCount "112"]
[EventDate "2019.08.05"]
[EventType "swiss"]
[EventCountry "POL"]
[SourceTitle "playchess.com"]
[Source "ChessBase"]
[SourceQuality "1"]
[TimeControl "40/5400+30:1800+30"]

1. c4 e6 2. Nc3 d5 3. d4 Nf6 4. cxd5 exd5 5. Bg5 c6 6. e3 Be7 7. Bd3 Nbd7 8. Nge2 h6 9. Bh4 Nh5 10. Bxe7 Qxe7 11. Qd2 Nb6 12. b3 Bd7 13. O-O O-O 14. Rae1 Rae8 15. Bb1 Qg5 16. Nf4 Nc8 17. Nxh5 Qxh5 18. e4 dxe4 19. Nxe4 Qd5 20. Nc5 b6 21. Qd3 g6 22. Ne4 Kg7 23. Qg3 Re7 24. Nc3 Qg5 25. Rxe7 Qxe7 26. Qe5+ Qxe5 27. dxe5 f6 28. Rd1 Be6 29. Be4 fxe5 30. Bxc6 Ne7 31. Bd7 Kf7 32. g4 a6 33. Kg2 Bxd7 34. Rxd7 Rc8 35. Nd5 Ke6 36. Rxe7+ Kxd5 37. Rh7 h5 38. gxh5 gxh5 39. Rxh5 Rc2 40. Rh6 Rxa2 41. Rxb6 e4 42. Kg3 Rc2 43. h4 Rc3+ 44. Kg2 Rc2 45. Kf1 Rc1+ 46. Ke2 Rh1 47. Rxa6 Rxh4 48. Ra1 Rh3 49. Rb1 Rc3 50. b4 Kd4 51. Rb2 Rh3 52. b5 e3 53. b6 exf2 54. b7 Rh1 55. Rb4+ Kc5 56. Kxf2 Kd5 1-0

[Event "3rd Memorial Warakomska 2019"]
[Site "Suwalki"]
[Date "2019.08.07"]
[Round "3.9"]
[White "Licznerski, Lukasz"]
[Black "Matviishen, Viktor"]
[Result "1-0"]
[ECO "C91"]
[WhiteElo "2328"]
[BlackElo "2495"]
[Annotator "ChessBase"]
[PlyCount "133"]
[EventDate "2019.08.05"]
[EventType "swiss"]
[EventCountry "POL"]
[SourceTitle "playchess.com"]
[Source "ChessBase"]
[SourceQuality "1"]
[TimeControl "40/5400+30:1800+30"]

1. e4 e5 2. Nf3 Nc6 3. Bb5 a6 4. Ba4 Nf6 5. O-O b5 6. Bb3 Be7 7. Re1 O-O 8. c3 d6 9. d4 Bg4 10. d5 Na5 11. Bc2 c6 12. h3 Bh5 13. dxc6 Qc7 14. Nbd2 Qxc6 15. Nf1 Nc4 16. Ng3 Bg6 17. Nh4 Rfe8 18. Ngf5 Bf8 19. Nxg6 hxg6 20. Ne3 Nxe3 21. Rxe3 d5 22. exd5 Nxd5 23. Qf3 Rad8 24. Bb3 Qd7 25. Re2 Nf6 26. Bg5 e4 27. Qg3 Qf5 28. Rae1 Re5 29. Bxf6 gxf6 30. Bc2 Rde8 31. Qh4 g5 32. Qg4 Qxg4 33. hxg4 e3 34. Rxe3 Rxe3 35. fxe3 Rd8 36. Re2 b4 37. c4 Bc5 38. Kf2 Kg7 39. Kf3 Kf8 40. Ba4 Ke7 41. Ke4 Rd6 42. Kf3 a5 43. Bc2 Rd8 44. b3 Rh8 45. Rd2 Rd8 46. Re2 Rh8 47. Be4 Rh1 48. Rd2 Re1 49. Rd3 Rf1+ 50. Ke2 Ra1 51. Rd5 Rxa2+ 52. Kf3 Bd6 53. c5 Be5 54. c6 Ra1 55. Rd7+ Ke8 56. Bd5 Rc1 57. Bxf7+ Kf8 58. Bc4 a4 59. c7 Bxc7 60. Rxc7 a3 61. Ra7 Ke8 62. Ke4 Rd1 63. Kf5 Kd8 64. Kxf6 Re1 65. Be6 Rxe3 66. Rd7+ Ke8 67. Rd4 1-0

[Event "3rd Memorial Warakomska 2019"]
[Site "Suwalki"]
[Date "2019.08.07"]
[Round "3.10"]
[White "Zylka, Stanislaw"]
[Black "Zakhartsov, Vladimir"]
[Result "0-1"]
[ECO "E63"]
[WhiteElo "2308"]
[BlackElo "2493"]
[Annotator "ChessBase"]
[PlyCount "96"]
[EventDate "2019.08.05"]
[EventType "swiss"]
[EventCountry "POL"]
[SourceTitle "playchess.com"]
[Source "ChessBase"]
[SourceQuality "1"]
[TimeControl "40/5400+30:1800+30"]

1. d4 Nf6 2. Nf3 g6 3. c4 Bg7 4. g3 O-O 5. Bg2 d6 6. O-O Nc6 7. Nc3 a6 8. Qc2 Rb8 9. Rd1 Bd7 10. e4 Qc8 11. a3 Bg4 12. Be3 Nd7 13. h3 Bxf3 14. Bxf3 e5 15. Ne2 exd4 16. Nxd4 Nc5 17. Bg2 Re8 18. Rab1 Nxd4 19. Bxd4 Bxd4 20. Rxd4 Qe6 21. b4 Qf6 22. Rd5 Ne6 23. f4 Qe7 24. Qd2 Nf8 25. Rd1 h5 26. Qd4 h4 27. g4 Ne6 28. Qf2 Qf6 29. Rf1 Re7 30. Qd2 Nf8 31. g5 Qh8 32. Kh1 Rbe8 33. a4 Ne6 34. a5 Ng7 35. Qf2 Nh5 36. Qxh4 Qc3 37. Bf3 Rxe4 38. Bxh5 Qxc4 39. Rdd1 gxh5 40. Qxh5 Rxf4 41. Rxf4 Qxf4 42. Rg1 Qe4+ 43. Rg2 Qf5 44. Qh4 Re3 45. Kh2 Qe5+ 46. Kh1 Re1+ 47. Rg1 Qd5+ 48. Kh2 Re2+ 0-1

[Event "3rd Memorial Warakomska 2019"]
[Site "Suwalki"]
[Date "2019.08.07"]
[Round "3.11"]
[White "Pavlov, Sergey"]
[Black "Wiewiora, Eneasz"]
[Result "1-0"]
[ECO "A16"]
[WhiteElo "2486"]
[BlackElo "2344"]
[Annotator "ChessBase"]
[PlyCount "69"]
[EventDate "2019.08.05"]
[EventType "swiss"]
[EventCountry "POL"]
[SourceTitle "playchess.com"]
[Source "ChessBase"]
[SourceQuality "1"]
[TimeControl "40/5400+30:1800+30"]

1. c4 Nf6 2. Nc3 d5 3. cxd5 Nxd5 4. g3 g6 5. Bg2 Nb6 6. Nf3 Bg7 7. d4 O-O 8. O-O Nc6 9. e3 e5 10. d5 Nb4 11. e4 c6 12. Qb3 Na6 13. Bg5 Qe8 14. Be3 c5 15. a4 f5 16. a5 Nd7 17. d6+ Kh8 18. Nd5 Nf6 19. exf5 Nxd5 20. Qxd5 e4 21. f6 Bxf6 22. Ng5 Bxb2 23. Rad1 Nb4 24. d7 Nxd5 25. dxe8=Q Rxe8 26. Rxd5 b6 27. Rb1 Bg7 28. Nf7+ Kg8 29. Nd6 Re7 30. Bxe4 Rxe4 31. Nxe4 Bb7 32. Rbd1 Bxd5 33. Rxd5 Rc8 34. Rd7 c4 35. Nd6 1-0

[Event "3rd Memorial Warakomska 2019"]
[Site "Suwalki"]
[Date "2019.08.07"]
[Round "3.12"]
[White "Kulon, Klaudia"]
[Black "Harsha Bharathakoti"]
[Result "0-1"]
[ECO "B26"]
[WhiteElo "2331"]
[BlackElo "2486"]
[Annotator "ChessBase"]
[PlyCount "84"]
[EventDate "2019.08.05"]
[EventType "swiss"]
[EventCountry "POL"]
[SourceTitle "playchess.com"]
[Source "ChessBase"]
[SourceQuality "1"]
[TimeControl "40/5400+30:1800+30"]

1. e4 c5 2. Nc3 Nc6 3. g3 g6 4. Bg2 Bg7 5. d3 d6 6. Be3 e5 7. Qd2 Nge7 8. Bh6 Bxh6 9. Qxh6 Nd4 10. O-O-O b5 11. Qg7 Rf8 12. Qxh7 b4 13. Nd5 Nxd5 14. exd5 Nf5 15. Nf3 Bd7 16. Kb1 Qf6 17. g4 O-O-O 18. g5 Qe7 19. Qh3 Ne3 20. Qg3 Nxd1 21. Rxd1 f5 22. Bf1 Rh8 23. Re1 Qf7 24. d4 f4 25. Qg1 Qxd5 26. Nd2 cxd4 27. Bg2 Qb5 28. Ne4 Bc6 29. Bf1 Qb6 30. Nf6 Qc7 31. Bd3 Qf7 32. b3 Kb8 33. Kb2 Rc8 34. Ra1 Bb7 35. a3 Qc7 36. axb4 Rh3 37. Bxg6 e4 38. c4 Rxb3+ 39. Kxb3 Qxc4+ 40. Ka3 Qd3+ 41. Ka4 Qa6+ 42. Kb3 Rc3+ 0-1

[Event "3rd Memorial Warakomska 2019"]
[Site "Suwalki"]
[Date "2019.08.07"]
[Round "3.13"]
[White "Janik, Igor"]
[Black "Efroimski, Marsel"]
[Result "1-0"]
[ECO "D31"]
[WhiteElo "2495"]
[BlackElo "2318"]
[Annotator "ChessBase"]
[PlyCount "67"]
[EventDate "2019.08.05"]
[EventType "swiss"]
[EventCountry "POL"]
[SourceTitle "playchess.com"]
[Source "ChessBase"]
[SourceQuality "1"]
[TimeControl "40/5400+30:1800+30"]

1. d4 d5 2. c4 e6 3. Nc3 a6 4. cxd5 exd5 5. Nf3 h6 6. Bf4 Nf6 7. e3 Bd6 8. Be5 c6 9. Bd3 Qe7 10. Qc2 Nbd7 11. Bxd6 Qxd6 12. O-O O-O 13. Rab1 a5 14. a3 b5 15. Rfc1 Bb7 16. Ne2 Nb6 17. Ng3 a4 18. Nf5 Qe6 19. Ne5 Nc4 20. f4 c5 21. Qf2 Ne4 22. Bxe4 dxe4 23. g4 Nxe5 24. dxe5 c4 25. Qg3 Rad8 26. Nd6 Bc6 27. f5 Qd7 28. Rd1 Qa7 29. f6 g6 30. Nf5 Kh7 31. Nxh6 Rd3 32. Rxd3 exd3 33. Nf5 Rh8 34. Ne7 1-0

[Event "3rd Memorial Warakomska 2019"]
[Site "Suwalki"]
[Date "2019.08.07"]
[Round "3.14"]
[White "Ashwath, R.."]
[Black "Karthik Venkataraman"]
[Result "1/2-1/2"]
[ECO "D74"]
[WhiteElo "2365"]
[BlackElo "2480"]
[Annotator "ChessBase"]
[PlyCount "29"]
[EventDate "2019.08.05"]
[EventType "swiss"]
[EventCountry "POL"]
[SourceTitle "playchess.com"]
[Source "ChessBase"]
[SourceQuality "1"]
[TimeControl "40/5400+30:1800+30"]

1. d4 Nf6 2. c4 g6 3. g3 Bg7 4. Bg2 d5 5. cxd5 Nxd5 6. Nf3 O-O 7. O-O Nc6 8. Nc3 Nxc3 9. bxc3 e5 10. dxe5 Nxe5 11. Nxe5 Bxe5 12. Bh6 Qxd1 13. Rfxd1 Re8 14. Rab1 c6 15. c4 1/2-1/2

[Event "3rd Memorial Warakomska 2019"]
[Site "Suwalki"]
[Date "2019.08.07"]
[Round "3.15"]
[White "Cukrowski, Filip"]
[Black "Koziol, Kamil"]
[Result "1-0"]
[ECO "B50"]
[WhiteElo "2421"]
[BlackElo "2307"]
[Annotator "NA"]
[PlyCount "77"]
[EventDate "2019.08.05"]
[EventType "swiss"]
[EventCountry "POL"]
[SourceTitle "playchess.com"]
[Source "ChessBase"]
[SourceQuality "1"]
[TimeControl "40/5400+30:1800+30"]

1. e4 c5 2. Nf3 d6 3. c3 Nf6 4. Be2 Nc6 5. d4 e6 6. Nbd2 Be7 7. a3 O-O 8. O-O cxd4 9. cxd4 d5 10. e5 Ne4 11. Bd3 Nxd2 12. Bxd2 f5 13. exf6 Bxf6 14. Bc3 Bd7 15. Re1 g6 16. Qe2 Bg7 17. Qe3 Qf6 $14 18. Bb5 Qf4 19. Qxf4 Rxf4 20. Bxc6 bxc6 21. Bb4 Bxd4 22. Bd2 Rxf3 23. gxf3 Bxb2 24. Rab1 Bd4 25. Rb7 Bc8 26. Rc7 c5 27. Be3 Bc3 28. Rc1 d4 29. Bh6 e5 30. Rb1 c4 31. Rg7+ Kh8 32. Rf7 Be6 33. Re7 Bd5 34. Rb5 Bxf3 35. Rbxe5 Bc6 36. Rc5 Be8 37. Rxc4 Bb2 38. Rb7 Bxa3 39. Rcc7 1-0

[Event "3rd Memorial Warakomska 2019"]
[Site "Suwalki"]
[Date "2019.08.07"]
[Round "3.16"]
[White "Kubicka, Anna"]
[Black "Dhulipalla Bala Chandra Prasad"]
[Result "1/2-1/2"]
[ECO "C95"]
[WhiteElo "2202"]
[BlackElo "2419"]
[Annotator "ChessBase"]
[PlyCount "51"]
[EventDate "2019.08.05"]
[EventType "swiss"]
[EventCountry "POL"]
[SourceTitle "playchess.com"]
[Source "ChessBase"]
[SourceQuality "1"]
[TimeControl "40/5400+30:1800+30"]

1. e4 e5 2. Nf3 Nc6 3. Bb5 a6 4. Ba4 Nf6 5. O-O Be7 6. Re1 b5 7. Bb3 d6 8. c3 O-O 9. h3 Nb8 10. d4 Nbd7 11. c4 c6 12. Qc2 Bb7 13. Nc3 Rc8 14. dxe5 Nxe5 15. Nxe5 dxe5 16. Be3 Nd7 17. Rad1 Qc7 18. a3 b4 19. axb4 Bxb4 20. Re2 a5 21. Na2 c5 22. f3 Nb6 23. Nc3 Bc6 24. Nd5 Bxd5 25. exd5 Qd6 26. Bf2 1/2-1/2

[Event "3rd Memorial Warakomska 2019"]
[Site "Suwalki"]
[Date "2019.08.07"]
[Round "3.17"]
[White "Zakrzewski, Marek"]
[Black "Tihonov, Jurij"]
[Result "0-1"]
[ECO "B28"]
[WhiteElo "2311"]
[BlackElo "2393"]
[Annotator "ChessBase"]
[PlyCount "78"]
[EventDate "2019.08.05"]
[EventType "swiss"]
[EventCountry "POL"]
[SourceTitle "playchess.com"]
[Source "ChessBase"]
[SourceQuality "1"]
[TimeControl "40/5400+30:1800+30"]

1. e4 c5 2. Nf3 a6 3. c4 e6 4. d4 cxd4 5. Nxd4 Nf6 6. Nc3 Qc7 7. a3 b6 8. Be3 Bb7 9. f3 Be7 10. Rc1 d6 11. Be2 O-O 12. O-O Nbd7 13. b4 Rac8 14. Qd2 Qb8 15. Rc2 Rfe8 16. Rfc1 Bd8 17. Kh1 Bc7 18. g3 Ne5 19. Kg1 h5 20. Bf4 Ng6 21. Bg5 Nh7 22. Be3 h4 23. f4 Nf6 24. Bf3 Qa8 25. Qg2 Bd8 26. e5 Bxf3 27. Nxf3 dxe5 28. Nxe5 Qxg2+ 29. Kxg2 Nxe5 30. fxe5 Ng4 31. Bd4 Bg5 32. Re1 Rxc4 33. Bxb6 Rec8 34. Bc5 R8xc5 35. bxc5 Ne3+ 36. Rxe3 Bxe3 37. Kf3 Bd4 38. c6 Rxc6 39. Ke4 Rxc3 0-1

[Event "3rd Memorial Warakomska 2019"]
[Site "Suwalki"]
[Date "2019.08.07"]
[Round "3.19"]
[White "Stupak, Kirill"]
[Black "Szadkowski, Kamil"]
[Result "1-0"]
[ECO "E63"]
[WhiteElo "2560"]
[BlackElo "2245"]
[Annotator "ChessBase"]
[PlyCount "139"]
[EventDate "2019.08.05"]
[EventType "swiss"]
[EventCountry "POL"]
[SourceTitle "playchess.com"]
[Source "ChessBase"]
[SourceQuality "1"]
[TimeControl "40/5400+30:1800+30"]

1. Nf3 Nf6 2. g3 g6 3. Bg2 Bg7 4. c4 O-O 5. O-O d6 6. d4 Nc6 7. Nc3 a6 8. d5 Na5 9. b3 c5 10. dxc6 Nxc6 11. Bd2 Bf5 12. Nh4 Be6 13. Rc1 Rb8 14. Na4 Nd7 15. Qe1 f5 16. e4 fxe4 17. Qxe4 Bf7 18. Rfe1 Nde5 19. h3 e6 20. f4 d5 21. cxd5 exd5 22. Qb1 Nd7 23. Nf3 Nf6 24. Ng5 Ne4 25. Nxe4 dxe4 26. Be3 Re8 27. Nc5 Nb4 28. Nxe4 Qd3 29. Ba7 Rbd8 30. Bb6 Bd4+ 31. Bxd4 Qxd4+ 32. Kh2 Bd5 33. Rcd1 Bxe4 34. Rxd4 Bxb1 35. Rxd8 Rxd8 36. Rxb1 Rd2 37. a3 Nd5 38. Re1 Kf7 39. Re5 Ne7 40. g4 b6 41. Kg1 b5 42. a4 Rd1+ 43. Kh2 bxa4 44. bxa4 Rd4 45. Ra5 Rxf4 46. Rxa6 Rf2 47. Kg3 Ra2 48. Bf1 Ra3+ 49. Kf4 h6 50. h4 g5+ 51. hxg5 Ng6+ 52. Ke4 hxg5 53. Bc4+ Kg7 54. Kf5 Nh4+ 55. Kxg5 Nf3+ 56. Kf4 Nh4 57. Bd5 Ng6+ 58. Kg5 Ne7 59. Be4 Re3 60. Kf4 Ra3 61. g5 Kf7 62. a5 Ra1 63. Rf6+ Kg7 64. a6 Ra4 65. Rd6 Kf7 66. g6+ Kg7 67. Ke5 Ra5+ 68. Ke6 Nxg6 69. Bxg6 Kxg6 70. Rb6 1-0

[Event "3rd Memorial Warakomska 2019"]
[Site "Suwalki"]
[Date "2019.08.07"]
[Round "3.20"]
[White "Sharankov, Grigory"]
[Black "Jakubowski, Krzysztof"]
[Result "0-1"]
[ECO "A81"]
[WhiteElo "2221"]
[BlackElo "2528"]
[Annotator "ChessBase"]
[PlyCount "126"]
[EventDate "2019.08.05"]
[EventType "swiss"]
[EventCountry "POL"]
[SourceTitle "playchess.com"]
[Source "ChessBase"]
[SourceQuality "1"]
[TimeControl "40/5400+30:1800+30"]

1. d4 f5 2. g3 Nf6 3. Bg2 d6 4. Nh3 c6 5. c3 Qc7 6. Nd2 e5 7. dxe5 dxe5 8. e4 h6 9. exf5 Bxf5 10. Qe2 Nbd7 11. Ne4 O-O-O 12. f3 Bc5 13. Be3 Nxe4 14. fxe4 Be6 15. O-O Qb6 16. Bxc5 Nxc5 17. Kh1 Na4 18. Qc2 Qa6 19. Ng1 Nc5 20. Nf3 Nd3 21. b3 Qb6 22. Nh4 Qe3 23. Rf3 Qxe4 24. Raf1 Qh7 25. c4 g5 26. Re3 gxh4 27. Be4 Nb4 28. Bxh7 Nxc2 29. Bxc2 Rd2 30. Rxe5 Rxc2 31. Rxe6 hxg3 32. hxg3 Rxa2 33. Kg1 a5 34. Rf2 Ra3 35. Re5 Kb8 36. Kh2 Ka7 37. Rb2 Rg8 38. Kh3 Rg6 39. Rf5 Ka6 40. Rf8 Kb6 41. Rf5 Rg5 42. Rf7 Re5 43. b4 a4 44. Rd2 Rb3 45. c5+ Ka6 46. Rd8 Rxb4 47. Ra8+ Kb5 48. Rxb7+ Kc4 49. Rh7 Rh5+ 50. Kg4 Rxc5 51. Rxh6 Kb3+ 52. Kh3 Rc1 53. Rf6 c5 54. Rf3+ Kb2 55. Rf2+ Rc2 56. Rxc2+ Kxc2 57. g4 Kb2 58. g5 a3 59. g6 Rb7 60. Rf8 a2 61. Rf2+ Ka3 62. Rf3+ Kb4 63. Rf7 Rb6 0-1

[Event "3rd Memorial Warakomska 2019"]
[Site "Suwalki"]
[Date "2019.08.07"]
[Round "3.21"]
[White "Warakomski, Tomasz"]
[Black "Antolak, Julia"]
[Result "1/2-1/2"]
[ECO "B80"]
[WhiteElo "2497"]
[BlackElo "2258"]
[Annotator "ChessBase"]
[PlyCount "40"]
[EventDate "2019.08.05"]
[EventType "swiss"]
[EventCountry "POL"]
[SourceTitle "playchess.com"]
[Source "ChessBase"]
[SourceQuality "1"]
[TimeControl "40/5400+30:1800+30"]

1. e4 c5 2. Nf3 e6 3. d4 cxd4 4. Nxd4 Nf6 5. Nc3 d6 6. Qf3 Nc6 7. Nxc6 bxc6 8. e5 Nd5 9. exd6 Bxd6 10. Bc4 O-O 11. Bd2 Qc7 12. Ne4 Be5 13. Rb1 Rb8 14. h4 Rxb2 15. O-O Rxb1 16. Rxb1 Bd7 17. Nc5 Bd6 18. Ne4 Be5 19. Nc5 Bd6 20. Ne4 Be5 1/2-1/2

[Event "3rd Memorial Warakomska 2019"]
[Site "Suwalki"]
[Date "2019.08.07"]
[Round "3.22"]
[White "Malakhatko, Vadim"]
[Black "Jaroch, Karol"]
[Result "1-0"]
[ECO "E16"]
[WhiteElo "2462"]
[BlackElo "2221"]
[Annotator "ChessBase"]
[PlyCount "65"]
[EventDate "2019.08.05"]
[EventType "swiss"]
[EventCountry "POL"]
[SourceTitle "playchess.com"]
[Source "ChessBase"]
[SourceQuality "1"]
[TimeControl "40/5400+30:1800+30"]

1. c4 Nf6 2. Nf3 e6 3. g3 b6 4. Bg2 Bb7 5. d4 Bb4+ 6. Bd2 Bxd2+ 7. Qxd2 d6 8. Nc3 Nbd7 9. d5 O-O 10. O-O Nc5 11. Nd4 e5 12. Nc2 a5 13. e4 c6 14. Rfd1 cxd5 15. cxd5 Qd7 16. f3 Ba6 17. Qe3 Rfc8 18. h4 Rc7 19. Rd2 Nh5 20. Kh2 f5 21. Qg5 g6 22. Bh3 Ng7 23. Ne3 Qd8 24. Qxd8+ Rxd8 25. exf5 Rf7 26. g4 gxf5 27. gxf5 Nd3 28. Ne4 Nf4 29. Ng5 Rff8 30. Ne6 Ngxe6 31. dxe6 Rfe8 32. Rg1+ Kf8 33. Nd5 1-0

[Event "3rd Memorial Warakomska 2019"]
[Site "Suwalki"]
[Date "2019.08.07"]
[Round "3.23"]
[White "Skawinski, Arkadiusz"]
[Black "Sowul, Bartosz"]
[Result "1/2-1/2"]
[ECO "B27"]
[WhiteElo "2398"]
[BlackElo "2210"]
[Annotator "ChessBase"]
[PlyCount "61"]
[EventDate "2019.08.05"]
[EventType "swiss"]
[EventCountry "POL"]
[SourceTitle "playchess.com"]
[Source "ChessBase"]
[SourceQuality "1"]
[TimeControl "40/5400+30:1800+30"]

1. e4 c5 2. Nf3 g6 3. d4 cxd4 4. Qxd4 Nf6 5. Nc3 Nc6 6. Qa4 d6 7. e5 dxe5 8. Nxe5 Bd7 9. Nxd7 Nxd7 10. Be3 Bg7 11. Rd1 O-O 12. Bb5 Qc8 13. Nd5 Nb6 14. Bxc6 Nxa4 15. Nxe7+ Kh8 16. Nxc8 Nxb2 17. Rd7 bxc6 18. Nxa7 Nc4 19. O-O Rfe8 20. Bc5 Re5 21. Bd4 Rd5 22. Rxd5 cxd5 23. Bc5 Nb2 24. f3 d4 25. Rb1 Na4 26. Bd6 d3 27. Nb5 dxc2 28. Rc1 Rc8 29. Nc7 Rd8 30. Nb5 Rc8 31. Nc7 1/2-1/2

[Event "3rd Memorial Warakomska 2019"]
[Site "Suwalki"]
[Date "2019.08.07"]
[Round "3.24"]
[White "Karavade, Eesha"]
[Black "Zaika, Daniil"]
[Result "1/2-1/2"]
[ECO "B52"]
[WhiteElo "2355"]
[BlackElo "2216"]
[Annotator "NA"]
[PlyCount "106"]
[EventDate "2019.08.05"]
[EventType "swiss"]
[EventCountry "POL"]
[SourceTitle "playchess.com"]
[Source "ChessBase"]
[SourceQuality "1"]
[TimeControl "40/5400+30:1800+30"]

1. e4 c5 2. Nf3 d6 3. Bb5+ Bd7 4. Bxd7+ Qxd7 5. c4 e5 6. Nc3 Nc6 7. O-O {[%emt 0:00:09] B52: Sicilian: Moscow Variation with 3...Bd7} Be7 8. d3 Bd8 9. a3 a5 10. Rb1 Nge7 11. Ne1 $146 ({Predecessor:} 11. Bd2 O-O 12. b3 h6 13. Nd5 f5 14. b4 fxe4 15. dxe4 axb4 16. axb4 {½-½ (44) Muzychuk,M (2540)-Aronian,L (2767) Caleta 2019}) 11... O-O 12. f4 f5 13. fxe5 Nxe5 14. Nf3 fxe4 15. Nxe5 Rxf1+ 16. Qxf1 dxe5 17. Nxe4 Nf5 18. Bd2 Bc7 19. Bc3 b6 20. Qf3 Rf8 21. Rf1 Qe7 $14 22. Qh3 g6 23. Bd2 Nd4 24. Re1 Qf7 25. Qg4 Qf5 26. Qd1 Ne6 27. Rf1 Qxf1+ 28. Qxf1 Rxf1+ 29. Kxf1 Kf7 30. Kf2 h5 31. h3 Bd8 32. Be3 Ng7 33. g4 hxg4 34. hxg4 Ne6 35. Kf3 Be7 36. Nc3 Ng7 37. Na4 Bd8 38. Bd2 Ke6 39. b4 axb4 40. axb4 cxb4 41. Bxb4 Ne8 42. Nc3 Nf6 43. Ne4 Nd7 44. Ba3 Bc7 45. Nc3 Bd6 46. Bxd6 Kxd6 47. Ne4+ Ke6 48. Ke3 Nc5 49. Nxc5+ bxc5 50. Ke4 Kd6 51. Ke3 Ke6 52. Ke4 Kd6 53. Ke3 Ke6 1/2-1/2